 Dungeon Sprint DCSS version 0.16.2-2-g470672f (webtiles) character file.

578 ericwiseman123 the Grappler (level 7, 0/79 HPs)
             Began as a Troll Berserker on Aug 30, 2015.
             Was the Champion of Trog.
             Slain by a spriggan
             ... wielding a +0 dagger
              (6 damage)
             ... in the Dungeon (Sprint VII: "The Pits").
             The game lasted 00:03:36 (603 turns).

ericwiseman123 the Grappler (Troll Berserker)        Turns: 603, Time: 00:03:36

Health: 0/79       AC:  5    Str: 27      XL:     7   Next: 13%
Magic:  3/3        EV: 12    Int:  0 (4)  God:    Trog [******]
Gold:   0          SH:  0    Dex:  9      Spells: 0 memorised, 6 levels left

rFire  . . .     SeeInvis .       - Unarmed
rCold  . . .     Clarity  .     e - +0 animal skin
rNeg   . . .     SustAb   .     (shield restricted)
rPois  .         Gourm    +     (helmet restricted)
rElec  .         Spirit   .     (no cloak)
rCorr  .         Warding  .     (gloves unavailable)
rMut   .         NoTele   +     (boots unavailable)
MR     .....                    (no amulet)
Stlth  +.........               (no ring)
                                (no ring)

@: lost intelligence, very slow, not resistant to hostile enchantments, very
unstealthy
A: unfitting armour, claws 3, fast metabolism 3, gourmand, regeneration 2,
shaggy fur 1, tough skin 2
a: Burn Spellbooks, Berserk, Trog's Hand, Brothers in Arms, Renounce Religion


You were in the Dungeon.
You worshipped Trog.
Trog was exalted by your worship.
You were very full.

You visited 1 branch

Inventory:

Hand weapons
 b - a +3 arbalest of flaming
Armour
 e - a +0 animal skin (worn)
Scrolls
 h - a scroll of blinking
 l - 3 scrolls of remove curse
 m - a scroll of summoning
Potions
 c - 4 potions of heal wounds
 d - 5 potions of curing
 f - 4 potions of magic
 g - 3 potions of berserk rage
 k - 2 potions of invisibility
Comestibles
 a - 9 meat rations
 i - 40 fruits
 j - 3 bread rations


   Skills:
 + Level 7.7 Fighting
 + Level 3.0 Armour
 + Level 7.4 Dodging
 + Level 9.4 Unarmed Combat


You had 6 spell levels left.
You didn't know any spells.

Dungeon Overview and Level Annotations

Branches:
Dungeon (1/1)

Altars:
Ashenzari
Cheibriados
Dithmenos
Elyvilon
Fedhas
Kikubaaqudgha
Makhleb
Nemelex Xobeh
Okawaru
Ru
Sif Muna
Trog
Vehumet
Xom
Yredelemnul
Zin
The Shining One
Beogh
Jiyva
Lugonu


Innate Abilities, Weirdness & Mutations

You are too large for most types of armour.
You have claws for hands.
Your metabolism is lightning-fast.
You like to eat raw meat.
You heal very quickly.
You are covered in fur (AC +1).
You have very tough skin (AC +2).


Message History

The fire drake breathes flames at you. The blast of flame hits you!
The spriggan hits you with a dagger. The fire drake bites you.
The spriggan hits you with a dagger. The fire drake barely misses you.
There is an open door, spattered with blood here.
You closely miss the fire drake. The fire drake closely misses you.
The spriggan hits you with a dagger! The fire drake barely misses you.
The spriggan hits you with a dagger.
You closely miss the fire drake. The fire drake bites you.
The spriggan hits you with a dagger.
* * * LOW HITPOINT WARNING * * *
The fire drake breathes flames at you. The blast of flame hits you!
* * * LOW HITPOINT WARNING * * *
You claw the fire drake!
The fire drake begins to bleed from its wounds!
The fire drake is moderately wounded.
The spriggan barely misses you. The fire drake closely misses you.
The spriggan hits you with a dagger.
You die...

#.##'#..#'###...<...#
#.#........##.......#
#.#........##.......#
#'###########.......#
#)))....#.. #########
#..###..#.######
#.......#.#....#
##.###.##i#....#
#.......#)@k...+
#..###..#'#....#
#.......'.#....#
################


You could see a fire drake (bleeding) and a spriggan.

Vanquished Creatures
  A red devil (D)
  A brain worm (D)
  A crimson imp (D)
  2 iguanas (D)
  3 orc priests (D)
  An orc wizard (D)
  2 adders (D)
  A gnoll (D)
  A white imp (D)
  An ufetubus (D)
  An adder zombie (D)
  An ooze (D)
  7 orcs (D)
  A ball python (D)
  A jackal (D)
  A quokka (D)
  A giant gecko (D)
  A kobold (D)
  2 rats (D)
30 creatures vanquished.

Notes
Turn   | Place    | Note
--------------------------------------------------------------
     0 | D        | ericwiseman123, the Troll Berserker, began the quest for the Orb.
     0 | D        | Reached XP level 1. HP: 22/22 MP: 1/1
    16 | D        | Reached skill level 4 in Unarmed Combat
    16 | D        | Reached XP level 2. HP: 29/31 MP: 1/1
    27 | D        | Acquired Trog's second power
    37 | D        | Found a sacrificial altar of Ru.
    37 | D        | Found a basalt altar of Yredelemnul.
    37 | D        | Found a shadowy altar of Dithmenos.
    37 | D        | Found a deep blue altar of Sif Muna.
    37 | D        | Found a burning altar of Makhleb.
    37 | D        | Found a shimmering altar of Xom.
    37 | D        | Found an ancient bone altar of Kikubaaqudgha.
    37 | D        | Found a sparkling altar of Nemelex Xobeh.
    39 | D        | Found a bloodstained altar of Trog.
    39 | D        | Found a corrupted altar of Lugonu.
    39 | D        | Found a viscous altar of Jiyva.
    51 | D        | Found a glowing golden altar of the Shining One.
    51 | D        | Found a glowing silver altar of Zin.
    57 | D        | Found a shattered altar of Ashenzari.
    57 | D        | Found a white marble altar of Elyvilon.
    57 | D        | Found a snail-covered altar of Cheibriados.
    57 | D        | Found a blossoming altar of Fedhas.
    57 | D        | Found a radiant altar of Vehumet.
    57 | D        | Found a roughly hewn altar of Beogh.
    57 | D        | Found an iron altar of Okawaru.
    95 | D        | Noticed a brain worm
   108 | D        | Lost intelligence.
   112 | D        | Killed a brain worm
   112 | D        | Reached skill level 6 in Unarmed Combat
   112 | D        | Reached XP level 3. HP: 6/40 MP: 2/2
   112 | D        | Reached XP level 4. HP: 7/49 MP: 2/2
   112 | D        | HP: 1/49 [adder (5)]
   141 | D        | Acquired Trog's third power
   145 | D        | Reached skill level 5 in Fighting
   211 | D        | Noticed an orc priest
   211 | D        | Noticed an orc priest
   211 | D        | Noticed an iguana
   224 | D        | Noticed an orc wizard
   225 | D        | Killed an orc priest
   225 | D        | Reached skill level 7 in Unarmed Combat
   225 | D        | Reached XP level 5. HP: 57/57 MP: 2/2
   228 | D        | Killed an iguana
   232 | D        | Killed an orc priest
   235 | D        | Noticed an orc priest
   243 | D        | Killed an orc wizard
   243 | D        | Reached skill level 5 in Dodging
   246 | D        | Killed an orc priest
   246 | D        | Reached skill level 8 in Unarmed Combat
   252 | D        | Received a gift from Trog
   419 | D        | Received a gift from Trog
   448 | D        | Noticed a red devil
   456 | D        | HP: 2/61 [red devil/trident (17)]
   457 | D        | Killed a red devil
   457 | D        | Reached skill level 9 in Unarmed Combat
   457 | D        | Reached XP level 6. HP: 2/71 MP: 3/3
   457 | D        | Reached XP level 7. HP: 2/78 MP: 3/3
   579 | D        | Noticed an iguana
   579 | D        | Noticed a crimson imp
   583 | D        | Received a gift from Trog
   586 | D        | Killed a crimson imp
   587 | D        | Killed an iguana
   598 | D        | Noticed a spriggan
   598 | D        | Noticed a fire drake
   603 | D        | Slain by a spriggan

Action                   |  1- 3 |  4- 6 |  7- 9 || total
-------------------------+-------+-------+-------++-------
Melee: Unarmed           |    33 |    47 |    12 ||    92
Invok: Berserk           |       |     2 |       ||     2
       Trog's Hand       |       |     1 |       ||     1
  Use: Potion            |       |     4 |       ||     4
  Eat: Bread ration      |     2 |       |     2 ||     4
